 Dungeon Crawl Stone Soup version 0.27.1-33-g824d729ab1 (webtiles) character file.

Game seed: 7881969855649028446

3794 Doot the Digger (level 10, -20/60 HPs)
             Began as an Octopode Earth Elementalist on Dec 10, 2021.
             Was a Believer of Sif Muna.
             Killed from afar by an ogre mage (43 damage)
             ... with a bolt of magma
             ... on level 8 of the Dungeon on Dec 12, 2021.
             The game lasted 00:20:23 (10769 turns).

Doot the Digger (Octopode Earth Elementalist)      Turns: 10769, Time: 00:20:24

Health: -20/60     AC:  1    Str:  7    XL:     10   Next: 16%
Magic:  11/20      EV: 13    Int: 22    God:    Sif Muna [**....]
Gold:   306        SH:  0    Dex: 12    Spells: 11/22 levels left

rFire    . . .     SeeInvis +   F - +1 dagger (protect)
rCold    . . .     Faith    .   (no shield)
rNeg     . . .     Spirit   .   (helmet restricted)
rPois    .         Reflect  .   (no amulet)
rElec    .         Harm     .   k - ring of see invisible
rCorr    .         Rampage  .   (no ring)
Will     .....                  (no ring)
Stlth    ++++......             (no ring)
HPRegen  0.20/turn              (no ring)
MPRegen  0.17/turn              (no ring)
                                (no ring)
                                (no ring)

@: no status effects
A: almost no armour, amphibious, 8 rings, camouflage 1, gelatinous body 1,
(nimble swimmer 1), tentacles
a: Renounce Religion, Channel Magic


You were on level 8 of the Dungeon.
You worshipped Sif Muna.
Sif Muna was pleased with you.
You visited 2 branches of the dungeon, and saw 9 of its levels.
You also visited: Ossuary.

You collected 345 gold pieces.
You spent 39 gold pieces at shops.

Inventory:

Hand Weapons
 f - a +0 dagger of electrocution
 j - a +2 quarterstaff of chaos
 z - the +6 whip "Adookh" {vorpal, rF- rC+++ Dex+3 Stlth+}
   (You found it in an ossuary)

   It inflicts extra damage upon your enemies.
   Dex:       It affects your dexterity (+3).
   rF:        It makes you vulnerable to fire.
   rC:        It renders you almost immune to cold.
   Stlth:     It makes you more stealthy.
 F - a +1 dagger of protection (weapon)
Missiles
 b - 49 stones
 v - 3 throwing nets
Magical Staves
 a - a staff of poison
Jewellery
 k - a ring of see invisible (left tentacle)
Wands
 y - a wand of flame (13)
Scrolls
 d - 3 scrolls of magic mapping {unknown}
 l - a scroll of noise {unknown}
 n - a scroll of vulnerability {unknown}
 o - 4 scrolls of identify {unknown}
 p - 4 scrolls of fear {unknown}
 r - 3 scrolls of teleportation
 s - 3 scrolls of fog {unknown}
 u - a scroll of enchant weapon {unknown}
 x - a scroll of immolation {unknown}
 E - a scroll of torment {unknown}
Potions
 c - 4 potions of curing {unknown}
 e - a potion of resistance {unknown}
 g - 4 potions of berserk rage {unknown}
 h - a potion of haste {unknown}
 i - a potion of flight {unknown}
 m - 2 potions of attraction {unknown}
 q - a potion of brilliance {unknown}
 t - 2 potions of heal wounds {unknown}
 w - a potion of mutation {unknown}
 A - a potion of might
 B - a potion of magic {unknown}
 C - a potion of invisibility {unknown}
 D - 2 potions of degeneration {unknown}


   Skills:
 + Level 1.9 Fighting
 + Level 0.4 Short Blades
 + Level 2.4 Staves
 + Level 3.3 Dodging
 + Level 5.1 Stealth
 + Level 6.7 Spellcasting
 * Level 5.3 Conjurations
 * Level 2.4 Summonings
 * Level 5.1 Transmutations
 + Level 7.7 Earth Magic
 * Level 3.0 Invocations


You had 11 spell levels left.
You knew the following spells:

 Your Spells              Type           Power      Damage    Failure   Level
a - Sandblast             Erth           82%        2d17      1%          1
b - Stone Arrow           Conj/Erth      72%        3d11      1%          3
c - Petrify               Tmut/Erth      35%        N/A       6%          4
d - Call Canine Familiar  Summ           18%        N/A       9%          3

Your spell library contained the following spells:

 Spells                   Type           Power      Damage    Failure   Level
 Magic Dart               Conj           100%       1d8       1%          1
 Passwall                 Tmut/Erth      29%        N/A       1%          2
 Searing Ray              Conj           60%        3d5       1%          2
 Summon Small Mammal      Summ           72%        N/A       3%          1
 Dazzling Flash           Conj/Hex       38%        N/A       9%          3
 Slow                     Hex            7%         N/A       13%         2
 Summon Guardian Golem    Hex/Summ       12%        N/A       16%         3
 Confusing Touch          Hex            7%         N/A       26%         3
 Gell's Gravitas          Tloc           3%         N/A       26%         3
 Lesser Beckoning         Tloc           3%         N/A       26%         3
 Teleport Other           Tloc           7%         N/A       26%         3
 Fulminant Prism          Conj/Hex       9%         3d7       28%         4
 Summon Lightning Spire   Summ/Air       12%        N/A       45%         4
 Lightning Bolt           Conj/Air       9%         1d22      61%         5
 Airstrike                Air            3%         N/A       63%         4
 Yara's Violent Unravell  Hex/Tmut       9%         3d6       63%         5
 Agony                    Necr           7%         N/A       93%         5
 Silence                  Hex/Air        3%         N/A       93%         5


Dungeon Overview and Level Annotations

Branches:
Dungeon (8/15)             Temple (1/1) D:4            Lair (0/6) D:8
Ossuary (visited)

Altars:
Ashenzari
Cheibriados
Dithmenos
Elyvilon
Fedhas
Gozag
Hepliaklqana
Kikubaaqudgha
Makhleb
Nemelex Xobeh
Okawaru
Qazlal
Ru
Sif Muna
Trog
Uskayaw
Vehumet
Wu Jian
Xom
Yredelemnul
Zin
The Shining One

Shops:
D:4 ?   D:6 ([!=


Innate Abilities, Weirdness & Mutations

You cannot wear most types of armour.
You are amphibious.
You can wear up to eight rings at the same time.
Your skin changes colour to match your surroundings (Stealth+).
Your rubbery body absorbs attacks. (AC +1, EV +1)
((You are camouflaged near water. (Stealth+)))
You have tentacles for arms and can constrict up to eight enemies at once.


Message History

A five-headed hydra comes into view.
You close the door.
You open the door.
An ogre mage comes into view. It is wielding a +0 whip.
Found four items.
The stone arrow hits the ogre mage!
The ogre mage is moderately wounded.
The ogre mage casts a spell at you. The bolt of magma hits your hound!!!
Your hound dies!
Your hound's corpse disappears in a puff of smoke!
The bolt of magma hits you!!!
Ouch! That really hurt!
Unknown command.
Casting: Stone Arrow (safe; 1% risk of failure)
Confirm with . or Enter, or press ? or * to list all spells.
Aiming: Petrify (dangerous; 6% risk of failure)
Press: ? - help, Shift-Dir - straight line, f/p - ogre mage
Aim: an ogre mage, wielding a +0 whip and wearing a +0 robe (moderately wounded, chance to affect: 15%)
Okay, then.
Unknown command.
You are too injured to fight recklessly!
Unknown command.
Casting: Petrify (dangerous; 6% risk of failure)
Confirm with . or Enter, or press ? or * to list all spells.
The ogre mage casts a spell at you. The bolt of magma misses you.
Okay, then.
Unknown command.
Casting: Call Canine Familiar (dangerous; 9% risk of failure)
Confirm with . or Enter, or press ? or * to list all spells.
Aiming: Stone Arrow (safe; 1% risk of failure)
Press: ? - help, Shift-Dir - straight line, f/p - ogre mage
Aim: an ogre mage, wielding a +0 whip and wearing a +0 robe (moderately wounded, ally target, 84% to hit)
The stone arrow hits the ogre mage!!
The ogre mage is severely wounded.
The ogre mage casts a spell at you. The bolt of magma hits your hound!
The bolt of magma hits you!!!
Ouch! That really hurt!
You die...

#.......###.#####
#.####..........# #.#
#..###.###.##### #.# #..#
#.........# #.# #..#
#.....###.#
#.#############.# #.# #.#
#.#...#...#...#.###.###..
#.#...')..+.D.#..........
#.#...#.@.#...#.###.###.#
#.##'###h## +##.# #.# #.#
#.#...#).) #.###.# #.#
#.#...#.O.# #.....# #.#
#.#.[.#).[#. #.##### #.#
#.##'#######+ #.# #.#
#.#...# #.# #.# #.'.).#
#.#######.# ###...#
#..........


You could see an ogre mage (ally target) and a friendly hound (summoned).

Vanquished Creatures
  A gargoyle (D:8)
  A wraith (D:7)
  A vampire mosquito (D:8)
  A sky beast (D:6)
  An orc warrior (D:8)
  2 ice beasts (D:7)
  A necrophage (D:6)
  3 ogres
  2 centaurs (D:8)
  2 phantoms
  A kobold brigand (D:6)
  5 water moccasin zombies (Ossuary)
  2 scorpions
  A water moccasin skeleton (D:4)
  13 wights
  3 howler monkeys (D:8)
  A bullfrog zombie (D:7)
  A jelly (D:4)
  3 centaur zombies
  A bullfrog skeleton (D:5)
  3 orc priests
  6 hounds
  A centaur skeleton (D:7)
  A gnoll shaman (D:6)
  Crazy Yiuf (D:2)
  2 iguanas
  Natasha (D:2)
  6 orc wizards
  2 mummies (Ossuary)
  4 gnolls
  5 adders
  An ufetubus (D:5)
  An adder skeleton (D:4)
  7 adder zombies (Ossuary)
  12 dart slugs
  18 orcs
  6 ball pythons
  4 bats
  9 endoplasms
  A giant cockroach (D:4)
  6 hobgoblins
  3 quokkas
  3 frilled lizards
  A gnoll zombie (Ossuary)
  4 goblins
  5 hobgoblin zombies (Ossuary)
  10 kobolds
  3 kobold zombies (Ossuary)
  4 orc zombies (Ossuary)
  3 rats
179 creatures vanquished.

Vanquished Creatures (collateral kills)
  A scorpion (D:5)
  A water moccasin skeleton (D:5)
  A gnoll zombie (Ossuary)
3 creatures vanquished.

Grand Total: 182 creatures vanquished

Notes
Turn   | Place    | Note
-------+----------+-------------------------------------------
     0 | D:1      | Doot the Octopode Earth Elementalist began the quest for
                  | the Orb.
     0 | D:1      | Reached XP level 1. HP: 11/11 MP: 3/3
   181 | D:1      | Reached XP level 2. HP: 17/17 MP: 1/5
   298 | D:1      | Found a faded altar of an unknown god.
   566 | D:1      | Reached XP level 3. HP: 21/21 MP: 6/6
  1131 | D:2      | Noticed Natasha
  1134 | D:2      | Killed Natasha
  1135 | D:2      | Reached XP level 4. HP: 27/27 MP: 5/8
  1139 | D:2      | Learned a level 3 spell: Stone Arrow
  1144 | D:2      | Learned a level 4 spell: Petrify
  1386 | D:2      | Reached skill level 4 in Earth Magic
  1561 | D:2      | Found a runed translucent door.
  1562 | D:2      | Noticed Crazy Yiuf
  2052 | D:2      | Killed Crazy Yiuf
  2053 | D:2      | Reached XP level 5. HP: 21/31 MP: 0/9
  2217 | D:3      | Found a snail-covered altar of Cheibriados.
  2233 | D:3      | You fall into a shaft and drop 2 floors!
  2233 | D:5      | Entered Level 5 of the Dungeon
  2546 | D:4      | Reached skill level 1 in Conjurations
  2551 | D:4      | Reached XP level 6. HP: 14/36 MP: 7/11
  2755 | D:4      | Found a staircase to the Ecumenical Temple.
  2912 | Temple   | Entered the Ecumenical Temple
  3071 | Temple   | Became a worshipper of Sif Muna the Loreminder
  3386 | D:4      | Reached skill level 1 in Fighting
  3711 | D:4      | Found Jihi's Magic Scroll Shop.
  3714 | D:4      | Bought a scroll of teleportation for 39 gold pieces
  3893 | D:5      | Reached XP level 7. HP: 43/43 MP: 9/12
  4206 | D:5      | Reached skill level 5 in Earth Magic
  5019 | D:6      | Found Owkoz's Antique Armour Boutique.
  5113 | D:6      | Reached XP level 8. HP: 38/48 MP: 6/14
  5264 | D:6      | Reached skill level 1 in Staves
  5272 | D:6      | Reached * piety under Sif Muna
  5485 | D:6      | Reached skill level 5 in Stealth
  5712 | D:6      | Found Paer's Distillery.
  5714 | D:6      | Reached skill level 5 in Spellcasting
  5769 | D:6      | Reached skill level 6 in Earth Magic
  6264 | D:6      | Found Icrif's Jewellery Emporium.
  6366 | D:6      | Reached XP level 9. HP: 53/53 MP: 6/16
  6619 | D:6      | Found Tipnavisk's Weapon Boutique.
  7249 | D:7      | Noticed a death knight
  7835 | D:7      | Reached skill level 7 in Earth Magic
  7972 | D:7      | Noticed a freezing wraith
  8136 | D:8      | Reached skill level 1 in Invocations
  8225 | D:8      | HP: 2/51 [wight (2)]
  8245 | D:8      | Found a staircase to the Lair.
  8283 | D:8      | Found a sand-covered staircase.
  8297 | Ossuary  | Entered an ossuary
  8521 | Ossuary  | Learned a level 3 spell: Call Canine Familiar
  8991 | Ossuary  | Reached skill level 1 in Summonings
  9193 | Ossuary  | Reached ** piety under Sif Muna
  9410 | Ossuary  | Identified the +6 whip "Adookh" {vorpal, rF- rC+++ Dex+3
                  | Stlth+}
  9940 | D:8      | Reached skill level 5 in Conjurations
 10162 | D:8      | Reached skill level 5 in Transmutations
 10162 | D:8      | Reached XP level 10. HP: 13/60 MP: 4/19
 10701 | D:8      | Noticed a gargoyle
 10703 | D:8      | Killed a gargoyle
 10763 | D:8      | Noticed a five-headed hydra
 10766 | D:8      | Found the +9 staff of Olgreb {rPois∞}
 10766 | D:8      | Noticed an ogre mage
 10769 | D:8      | Killed from afar by an ogre mage

Illustrated notes

Levels and vault maps discovered:
D:1:      arrival_zaba_pyramid, layout_loops_ring,
          chequers_ecumenical_altar_simple_redux,
          hangedman_abyss_or_decor_stabs, minmay_pentomino_r4
D:2:      layout_basic, amcnicky_mini_pool_small, uniq_natasha,
          uniq_crazy_yiuf_cottage
D:3:      layout_basic, lemuel_tele_altar, serial_shops, nicolae_shop_trees,
          minmay_misc_feat_four_crosses
D:4:      layout_cave_pods, minmay_temple_entry_arrows, serial_shops,
          kennysheep_mini, kennysheep_generic_room_13
D:5:      kennysheep_slugbush, layout_cave_pools
D:6:      layout_loops_ring, serial_shops, nicolae_shop_trees,
          nicolae_stop_n_shop_1, nicolae_shop_temple_entry_statues_fountains,
          nicolae_diamond_shop, minmay_strange_pillars
D:7:      layout_basic
D:8:      layout_loops_ring, lair_entry_dummy,
          lightli_ossuary_entry_decrepit_ruins, minmay_misc_feat_five,
          minmay_evil_grid
Temple:   roderic_octagonal_lattice_temple

Skill      XL: |  1  2  3  4  5  6  7  8  9 10 |
---------------+-------------------------------+-----
Stealth        | 3 4 5 |  5.1
Earth Magic    | 4 5 6 7 |  7.7
Spellcasting   | 3 4 5 6 |  6.7
Conjurations   | 1 2 4 5 |  5.3
Transmutations | 2 3 4 5 |  5.1
Fighting       | 1 |  1.9
Staves         | 2 |  2.4
Dodging        | 3 |  3.3
Invocations    | 2 3 |  3.0
Summonings     | 2 |  2.4
Short Blades   | |  0.4

Action                   |  1- 3 |  4- 6 |  7- 9 | 10-12 || total
-------------------------+-------+-------+-------+-------++-------
Melee: Dagger            |    11 |    16 |       |       ||    27
       Unarmed           |     1 |       |       |       ||     1
       Constrict         |     2 |     7 |    11 |       ||    20
       Tentacles         |       |     4 |     4 |       ||     8
       Quarterstaff      |       |     9 |    39 |       ||    48
 Cast: Sandblast         |    29 |    43 |    52 |       ||   124
       Stone Arrow       |       |       |   143 |    11 ||   154
       Call Canine Famil |       |       |     1 |     2 ||     3
 Stab: Sleeping          |     4 |     4 |       |       ||     8
Armor: Skin              |       |       |     6 |       ||     6
Dodge: Dodged            |     9 |    25 |    96 |     2 ||   132
